 Dungeon Crawl Stone Soup version 0.24-a0-70-gf44d0c5 (webtiles) character file.

Game seed: 13124305044854316112

119948 Widdle the Tortoise (level 17, -1/110 HPs)
             Began as a Kobold Summoner on Feb 6, 2019.
             Was a High Priest of Wu Jian.
             Slain by a deep elf mage
             ... wielding a +0 dagger
              (4 damage)
             ... on level 1 of the Elven Halls on Feb 7, 2019.
             The game lasted 02:04:21 (25449 turns).

Widdle the Tortoise (Kobold Summoner)              Turns: 25449, Time: 02:04:22

Health: -1/110     AC: 31    Str: 13    XL:     17   Next: 35%
Magic:  26/26      EV: 14    Int: 20    God:    Wu Jian [*****.]
Gold:   2064       SH: 10    Dex: 15    Spells: 16/29 levels left

rFire    + . .     SeeInvis +   b - +5 short sword (elec)
rCold    . . .     Gourm    .   O - +0 buckler
rNeg     + . .     Faith    .   E - +5 scale mail "Cuzexzunn" {+Inv MR+ Str+2}
rPois    .         Spirit   .   V - +2 helmet
rElec    .         Reflect  .   m - +2 cloak (curse)
rCorr    .         Harm     .   (no gloves)
MR       ++...                  t - +2 pair of boots
Stlth    +.........             y - amulet of regeneration
HPRegen  0.68/turn              L - ring "Ovogeux" {rF+ rN+ Int+4 SInv}
MPRegen  0.20/turn              U - +3 ring of protection

@: slowed, glowing, heavenly storm, very slow
A: small, large bone plates 1, molten scales 1, carnivore, clumsy 1, sense
surroundings 1
a: Wall Jump, Serpent's Lash, Heavenly Storm, Renounce Religion, Evoke
Invisibility


You were on level 1 of the Elven Halls.
You worshipped Wu Jian.
Wu Jian was extremely pleased with you.
You were very full.

You visited 5 branches of the dungeon, and saw 24 of its levels.
You also visited: Ice Cave.

You collected 2309 gold pieces.
You spent 245 gold pieces at shops.

Inventory:

Hand Weapons
 a - a +4 scimitar of flaming
 b - a +5 short sword of electrocution (weapon)
 r - a +2 rapier of draining
Missiles
 g - a throwing net
 B - 28 tomahawks (quivered)
Armour
 m - a cursed +2 cloak (worn)
 t - a +2 pair of boots (worn)
 E - the +5 scale mail "Cuzexzunn" (worn) {+Inv MR+ Str+2}
   (You found it on level 2 of the Lair of Beasts)

   It affects your strength (+2).
   It affects your resistance to hostile enchantments.
   It lets you turn invisible.
 K - the +8 plate armour "Ruontoast" {rF+ MP+9 Slay+6}
   (You found it on level 8 of the Dungeon)

   It affects your accuracy and damage with ranged weapons and melee attacks
   (+6).
   It protects you from fire.
   It affects your magic capacity (+9).
 O - a +0 buckler (worn)
 V - a +2 helmet (worn)
Jewellery
 i - an uncursed ring of protection from fire
 u - an uncursed ring of resist corrosion
 w - an uncursed ring of ice
 y - an amulet of regeneration (around neck)
 F - an uncursed ring of flight
 L - the ring "Ovogeux" (left hand) {rF+ rN+ Int+4 SInv}
   (You found it on level 5 of the Lair of Beasts)

   [ring of see invisible]

   It affects your intelligence (+4).
   It protects you from fire.
   It protects you from negative energy.
   It lets you see invisible.
 U - a +3 ring of protection (right hand)
 X - an uncursed ring of stealth
 Y - an uncursed ring of fire
Wands
 D - a wand of acid (8)
 H - a wand of digging (19)
 I - a wand of disintegration (39)
 J - a wand of iceblast (4)
 N - a wand of flame (49)
 Q - a wand of paralysis (33)
 R - a wand of enslavement (8)
Scrolls
 e - 3 scrolls of enchant armour
 l - 9 scrolls of remove curse
 v - 3 scrolls of blinking
 z - a scroll of summoning
 C - 8 scrolls of teleportation
 G - a scroll of identify
 P - 2 scrolls of fog
 S - a scroll of fear
 W - 3 scrolls of magic mapping
Potions
 d - a potion of resistance
 f - 2 potions of berserk rage
 h - 5 potions of flight
 j - 6 potions of curing
 k - 5 potions of haste
 o - 5 potions of heal wounds
 p - a potion of invisibility
 q - a potion of magic
 s - 3 potions of lignification
 x - 3 potions of ambrosia
 M - 2 potions of brilliance
Comestibles
 c - 35 rations
 n - 12 chunks of flesh


   Skills:
 - Level 13.8 Fighting
 - Level 14.3 Short Blades
   Level 0.4 Polearms
 - Level 0.3 Throwing
 - Level 16.0 Armour
 * Level 4.3 Dodging
 - Level 2.6 Stealth
 - Level 5.0 Shields
 * Level 6.6 Spellcasting
 * Level 8.7 Summonings
 * Level 7.5 Air Magic
 - Level 2.8 Evocations


You had 16 spell levels left.
You knew the following spells:

 Your Spells              Type           Power        Failure   Level  Hunger
a - Summon Small Mammal   Summ           ####         1%          1    None
b - Call Imp              Summ           #####...     1%          2    None
c - Call Canine Familiar  Summ           #####...     2%          3    #......
d - Summon Lightning Spi  Summ/Air       #####...     11%         4    ###....
e - Summon Guardian Gole  Hex/Summ       ###.....     14%         3    #......

Your spell library contained the following spells:

 Spells                   Type           Power        Failure   Level  Hunger
 Summon Ice Beast         Ice/Summ       ###.....     43%         4    ###....


Dungeon Overview and Level Annotations

Branches:
Dungeon (14/15)            Temple (1/1) D:7            Lair (6/6) D:10
  Swamp (0/4) Lair:3       Spider (0/4) Lair:2        Slime (0/5) Lair:5
    Orc (2/2) D:12            Elf (1/3) Orc:2        Vaults (0/5) D:14

Altars:
Cheibriados
Fedhas
Gozag
Hepliaklqana
Kikubaaqudgha
Makhleb
Nemelex Xobeh
Qazlal
Ru
Sif Muna
Trog
Vehumet
Wu Jian
Xom
Yredelemnul
Zin
The Shining One
Jiyva

Shops:
D:9 }   D:14 %   Orc:1 !   Orc:2 ((%[   Elf:1 :

Annotations:
D:10 exclusion: downstairs
D:11 exclusion: 2 downstairs
Lair:5 exclusion: 4 oklob plants
Elf:1 exclusion: orange crystal statue


Innate Abilities, Weirdness & Mutations

You are small and have problems with some larger weapons.
You are carnivorous and can eat meat at any time.
You are partially covered in large bone plates. (SH +4)
You are partially covered in molten scales. (AC +2)
You are clumsy. (Dex -2)
You passively map a small area around you.


Message History

You completely miss the +2 halberd of freezing.
The +2 halberd of freezing is moderately damaged.
You barely miss the +2 halberd of freezing.
The +2 halberd of freezing is moderately damaged.
You spin and attack the deep elf mage repeatedly.
You hit the deep elf mage.
The deep elf mage is lightly wounded.
You impale the deep elf mage!!
The deep elf mage is heavily wounded.
You spin and attack the deep elf mage repeatedly.
You impale the deep elf mage!!
The deep elf mage is severely wounded.
You closely miss the deep elf mage.
The deep elf mage is severely wounded.
The +2 halberd of freezing hits you!
* * * LOW HITPOINT WARNING * * *
The +2 halberd of freezing freezes you.
* * * LOW HITPOINT WARNING * * *
The deep elf mage hits you with a +0 dagger.
You die...

, , * #.#.....##. *
##.........##/.. , ,
...............e. ,/ *
#............... , ...
##.........#..... ,
....##................
, #......☼§§§§.#.....
, ,
#......☼§§§☼.......
*#......§§@e☼°°.....
#..(...§(§e*##.>... ,
#......§☼ee§## ... *
#.......☼☼☼○*§§..... *
#....>..##☼###*###.#*
** ##.....###○# ## * *
##...####.#.*
*.#.##..#..#* * , *
#.##.#.....##* # ,


You could see a deep elf knight (pinned), 3 deep elf magi, a +2 halberd of
freezing (pinned) and a battlesphere.

Vanquished Creatures
  Saint Roka (Orc:2)
  3 orc warlords
  An ettin (Orc:1)
  4 ogre magi (Orc:2)
  2 yaktaur captains (D:9)
  2 hydras
  Josephine (Lair:4)
  3 vault guards (D:14)
  A catoblepas (Lair:5)
  Erica (D:10)
  15 two-headed ogres
  A dancing weapon (Elf:1)
  5 centaur warriors
  5 death yaks
  Sonja (Lair:1)
  An orc high priest (Orc:2)
  8 skeletal warriors
  A deep elf knight (Elf:1)
  3 deep elf archers (Elf:1)
  2 unseen horrors (D:10)
  2 wizards (D:14)
  4 necromancers (D:14)
  20 deep elf magi
  3 orc sorcerers (Orc:2)
  5 ugly things
  2 manticores
  4 cyclopes
  6 elephants (Lair:4)
  A torpor snail (Lair:1)
  2 gargoyles
  2 black mambas
  2 ice statues (IceCv)
  9 spiny frogs
  4 rime drakes
  A kobold demonologist (D:11)
  6 komodo dragons
  3 meliai (D:13)
  4 guardian mummies (D:12)
  7 trolls
  2 jumping spiders (Lair:2)
  A queen bee (D:11)
  5 polar bears (Lair:6)
  13 hippogriffs
  5 hornets
  30 blink frogs
  11 dream sheep
  3 bog bodies (Lair:3)
  13 spriggans (Lair:6)
  17 humans
  4 water elementals (D:11)
  An air elemental (Elf:1)
  A wyvern (D:9)
  A vampire (D:14)
  A shadow (D:11)
  51 yaks
  5 wraiths
  A fire elemental (D:14)
  2 steam dragons
  A basilisk (Lair:6)
  3 hungry ghosts
  6 wargs
  An acid dragon (D:14)
  A swamp worm (Lair:3)
  8 water moccasins
  10 porcupines
  3 soldier ants
  25 orc warriors
  A hornet zombie (D:14)
  6 sky beasts
  3 eyes of draining
  15 ice beasts
  A phantom (D:12)
  3 black bears (Lair:6)
  29 ogres
  18 centaurs
  21 wolves
  4 boggarts (Lair:6)
  A centaur (shapeshifter) (D:14)
  13 crocodiles
  5 big kobolds
  16 bullfrogs
  2 wyvern skeletons
  3 scorpions
  25 killer bees
  A water moccasin skeleton (D:7)
  3 vampire bats
  An electric eel (Lair:3)
  A howler monkey (D:7)
  5 centaur zombies
  2 bullfrog zombies
  3 crimson imps
  24 orc wizards
  5 hounds
  3 jellies
  9 orc priests
  3 centaur skeletons
  A bullfrog skeleton (D:8)
  6 iguanas
  11 worker ants
  A killer bee zombie (D:7)
  A hound skeleton (D:10)
  4 mummies (D:12)
  A worker ant zombie (D:5)
  A howler monkey skeleton (D:4)
  8 adders
  3 shadow imps
  11 white imps (Lair:3)
  An ooze (D:5)
  An adder skeleton (D:7)
  A worm (D:5)
  A dart slug (D:3)
  3 leopard geckos
  103 orcs
  11 bats
  A bat skeleton (D:3)
  4 bat zombies (D:3)
  2 giant cockroaches
  4 goblins
  2 hobgoblins
  4 jackals (D:3)
  4 quokkas
  A ball python (D:4)
  7 frilled lizards
  17 kobolds
  4 rats
818 creatures vanquished.

Vanquished Creatures (collateral kills)
  A spiny frog (Lair:2)
  A sky beast (D:6)
  An ogre (D:5)
  A hound (D:3)
  4 gnolls (D:2)
  An adder (D:2)
  A white imp (Lair:3)
  A leopard gecko (D:2)
  An orc (D:4)
  A ball python (D:1)
  5 goblins
  A hobgoblin (D:1)
  2 kobolds (D:8)
  A frilled lizard (D:3)
  2 rats
24 creatures vanquished.

Vanquished Creatures (others)
  A kobold (D:14)
  2 bushes (Lair:4)
  6 fungi
  2 plants
11 creatures vanquished.

Grand Total: 853 creatures vanquished

Notes
Turn   | Place    | Note
-------+----------+-------------------------------------------
     0 | D:1      | Widdle the Kobold Summoner began the quest for the Orb.
     0 | D:1      | Reached XP level 1. HP: 10/10 MP: 3/3
   835 | D:1      | Reached XP level 2. HP: 12/16 MP: 1/5
  1297 | D:2      | Learned a level 2 spell: Call Imp
  1677 | D:2      | Reached XP level 3. HP: 20/20 MP: 6/6
  1993 | D:2      | Reached skill level 1 in Fighting
  2467 | D:2      | Reached XP level 4. HP: 24/25 MP: 8/8
  2785 | D:3      | Reached skill level 1 in Armour
  3150 | D:3      | Learned a level 3 spell: Call Canine Familiar
  3256 | D:3      | Reached XP level 5. HP: 29/29 MP: 9/9
  3294 | D:3      | Found a burning altar of Makhleb.
  3425 | D:3      | Found an ancient bone altar of Kikubaaqudgha.
  3451 | D:3      | Reached skill level 5 in Summonings
  3484 | D:3      | Reached skill level 2 in Armour
  3484 | D:3      | Reached XP level 6. HP: 24/35 MP: 11/11
  3942 | D:3      | Gained mutation: Your system is resistant to poisons.
                  | (rPois) [potion of mutation]
  3942 | D:3      | Gained mutation: Your mind is acute. (Int +2) [potion of
                  | mutation]
  4605 | D:4      | Reached skill level 1 in Short Blades
  4949 | D:5      | Entered Level 5 of the Dungeon
  5027 | D:5      | Reached XP level 7. HP: 40/40 MP: 12/12
  5211 | D:5      | Reached skill level 3 in Armour
  5351 | D:5      | Found a sparkling altar of Nemelex Xobeh.
  5958 | D:6      | Reached XP level 8. HP: 30/46 MP: 13/13
  6179 | D:6      | Found a glowing golden altar of the Shining One.
  6364 | D:6      | Reached skill level 5 in Short Blades
  6575 | D:7      | Found a blossoming altar of Fedhas.
  6577 | D:7      | Found a hazy altar of Hepliaklqana.
  6680 | D:7      | Found a stormy altar of Qazlal.
  6700 | D:7      | Found a staircase to the Ecumenical Temple.
  6748 | Temple   | Entered the Ecumenical Temple
  6881 | Temple   | Became a worshipper of the Wu Jian Council
  6907 | D:7      | Found a sacrificial altar of Ru.
  7175 | D:8      | Learned a level 4 spell: Summon Lightning Spire
  7189 | D:8      | Noticed a hippogriff
  7214 | D:8      | Killed a hippogriff
  7214 | D:8      | Reached skill level 1 in Air Magic
  7385 | D:8      | Reached skill level 4 in Armour
  7705 | D:8      | Reached XP level 9. HP: 46/52 MP: 11/15
  8027 | D:8      | Lost mutation: Your system is resistant to poisons. (rPois)
                  | [potion of mutation]
  8027 | D:8      | Lost mutation: Your mind is acute. (Int +2) [potion of
                  | mutation]
  8027 | D:8      | Gained mutation: You have a pair of small antennae on your
                  | head. [potion of mutation]
  8027 | D:8      | Gained mutation: You have sharp toenails. [potion of
                  | mutation]
  8028 | D:8      | Lost mutation: You have a pair of small antennae on your
                  | head. [potion of mutation]
  8028 | D:8      | Lost mutation: You have sharp toenails. [potion of
                  | mutation]
  8028 | D:8      | Gained mutation: Your body sometimes deteriorates upon
                  | taking damage. [potion of mutation]
  8028 | D:8      | Gained mutation: You passively map a small area around you.
                  | [potion of mutation]
  8028 | D:8      | Gained mutation: You do not regenerate when monsters are
                  | visible. [potion of mutation]
  8028 | D:8      | Gained mutation: Your muscles are strong. (Str +2) [potion
                  | of mutation]
  8284 | D:8      | Got a translucent plate armour
  8295 | D:8      | Identified the +8 plate armour "Ruontoast" {rF+ MP+9
                  | Slay+6} (You found it on level 8 of the Dungeon)
  8393 | D:8      | Lost mutation: You do not regenerate when monsters are
                  | visible. [potion of mutation]
  8393 | D:8      | Lost mutation: Your body sometimes deteriorates upon taking
                  | damage. [potion of mutation]
  8393 | D:8      | Gained mutation: You expend magic power (3 MP) to
                  | strengthen your wands. [potion of mutation]
  8393 | D:8      | Gained mutation: You have a pair of small antennae on your
                  | head. [potion of mutation]
  8393 | D:8      | Gained mutation: You are partially covered in large bone
                  | plates. (SH +4) [potion of mutation]
  8399 | D:8      | Found a shimmering altar of Xom.
  8866 | D:9      | Noticed a hornet
  8870 | D:9      | Paralysed by a hornet for 3 turns
  8876 | D:9      | Killed a hornet
  8899 | D:9      | Noticed a yaktaur captain
  8899 | D:9      | Noticed a yaktaur captain
  8913 | D:9      | Killed a yaktaur captain
  8913 | D:9      | Reached skill level 5 in Armour
  8913 | D:9      | Reached XP level 10. HP: 26/58 MP: 17/17
  8937 | D:9      | Killed a yaktaur captain
  8937 | D:9      | Reached skill level 5 in Fighting
  8937 | D:9      | Reached skill level 10 in Short Blades
  8937 | D:9      | Reached skill level 6 in Armour
  8937 | D:9      | Reached skill level 1 in Shields
  8938 | D:9      | Found a deep blue altar of Sif Muna.
  9063 | D:9      | Found a blossoming altar of Fedhas.
  9317 | D:9      | Reached * piety under Wu Jian
  9559 | D:9      | Found Cobb's Gadget Shoppe.
 10166 | D:10     | Entered Level 10 of the Dungeon
 10247 | D:10     | Killed an unseen horror
 10247 | D:10     | Reached XP level 11. HP: 61/64 MP: 18/18
 10364 | D:10     | Found a staircase to the Lair.
 10727 | D:10     | Reached ** piety under Wu Jian
 10727 | D:10     | Reached skill level 7 in Armour
 10974 | D:11     | Noticed Erica
 10985 | D:10     | Killed Erica
 11282 | D:10     | Killed an unseen horror
 11610 | D:11     | Reached skill level 8 in Armour
 12021 | D:11     | Reached *** piety under Wu Jian
 12027 | D:11     | Reached XP level 12. HP: 74/74 MP: 19/19
 12153 | D:11     | Reached skill level 5 in Shields
 12519 | D:11     | Noticed a two-headed ogre
 12537 | D:11     | HP: 3/75 [two-headed ogre/+0 giant club (11)]
 12709 | D:11     | Killed a two-headed ogre
 12709 | D:11     | Reached skill level 9 in Armour
 13033 | D:12     | Noticed a centaur warrior
 13167 | D:12     | Reached skill level 1 in Evocations
 13422 | D:12     | Killed a centaur warrior
 13488 | D:12     | Reached skill level 10 in Fighting
 13492 | D:12     | Noticed a two-headed ogre
 13563 | D:12     | Noticed a reaper
 13563 | D:12     | Noticed a reaper
 13563 | D:12     | Noticed a reaper
 13563 | D:12     | Noticed a reaper
 13563 | D:12     | Noticed a reaper
 13595 | D:12     | Reached **** piety under Wu Jian
 13623 | D:12     | Killed a two-headed ogre
 13753 | D:12     | Reached skill level 10 in Armour
 13768 | D:12     | You fall through a shaft!
 13768 | D:13     | Noticed a centaur warrior
 13768 | D:13     | Noticed a centaur warrior
 13843 | D:12     | Found a staircase to the Orcish Mines.
 14317 | D:13     | Killed a centaur warrior
 14317 | D:13     | Reached ***** piety under Wu Jian
 14317 | D:13     | Reached XP level 13. HP: 66/84 MP: 20/20
 14557 | D:13     | Reached skill level 11 in Armour
 14863 | D:13     | Killed a centaur warrior
 15037 | D:14     | Noticed a five-headed hydra
 15059 | D:14     | Killed a five-headed hydra
 15177 | D:14     | Noticed a centaur warrior
 15323 | D:14     | Killed a centaur warrior
 15333 | D:14     | Reached skill level 12 in Armour
 15410 | D:14     | Reached XP level 14. HP: 92/92 MP: 21/21
 15967 | D:14     | Found an opulent altar of Gozag.
 15969 | D:14     | Reached skill level 13 in Armour
 16222 | D:14     | Found Osmiaq's Food Shoppe.
 16517 | D:14     | Found a gate to the Vaults.
 16891 | Lair:1   | Entered Level 1 of the Lair of Beasts
 16998 | Lair:1   | Reached ****** piety under Wu Jian
 17163 | Lair:1   | Identified a scroll of acquirement
 17181 | Lair:1   | Lost mutation: You have a pair of small antennae on your
                  | head. [potion of mutation]
 17181 | Lair:1   | Lost mutation: Your muscles are strong. (Str +2) [potion of
                  | mutation]
 17181 | Lair:1   | Lost mutation: You expend magic power (3 MP) to strengthen
                  | your wands. [potion of mutation]
 17181 | Lair:1   | Gained mutation: You expend magic power (3 MP) to
                  | strengthen your wands. [potion of mutation]
 17181 | Lair:1   | Gained mutation: You are clumsy. (Dex -2) [potion of
                  | mutation]
 17181 | Lair:1   | Gained mutation: Your mind is acute. (Int +2) [potion of
                  | mutation]
 17200 | Lair:1   | Noticed Sonja
 17208 | Lair:1   | Killed Sonja
 17541 | Lair:2   | Found a hole to the Spider Nest.
 17653 | Lair:2   | Got a smoking scale mail
 17841 | Lair:2   | Identified the +5 scale mail "Cuzexzunn" {+Inv MR+ Str+2}
                  | (You found it on level 2 of the Lair of Beasts)
 18373 | Lair:3   | Found a frozen archway.
 18394 | IceCv    | Entered an ice cave
 19911 | Lair:3   | Reached skill level 14 in Armour
 19977 | Lair:3   | Reached XP level 15. HP: 96/97 MP: 22/22
 20319 | D:11     | Lost mutation: Your mind is acute. (Int +2) [potion of
                  | mutation]
 20319 | D:11     | Lost mutation: You expend magic power (3 MP) to strengthen
                  | your wands. [potion of mutation]
 20319 | D:11     | Gained mutation: You are partially covered in molten
                  | scales. (AC +2) [potion of mutation]
 20319 | D:11     | Gained mutation: You are weak. (Str -2) [potion of
                  | mutation]
 20319 | D:11     | Lost mutation: You are weak. (Str -2) [potion of mutation]
 20512 | Lair:3   | Found a staircase to the Swamp.
 21623 | Lair:5   | Reached skill level 5 in Air Magic
 21626 | Lair:5   | You fall through a shaft!
 21626 | Lair:6   | Entered Level 6 of the Lair of Beasts
 21898 | Lair:5   | Found a viscous altar of Jiyva.
 21898 | Lair:5   | Noticed Josephine
 21925 | Lair:4   | Killed Josephine
 21960 | Lair:5   | Found a staircase to the Slime Pits.
 22491 | Lair:5   | Got a smoking ivory ring
 22529 | Lair:5   | Identified the ring "Ovogeux" {rF+ rN+ Int+4 SInv} (You
                  | found it on level 5 of the Lair of Beasts)
 22631 | Lair:6   | Reached skill level 5 in Spellcasting
 23034 | Lair:6   | Reached skill level 15 in Armour
 23133 | Lair:6   | Reached XP level 16. HP: 86/103 MP: 24/24
 23917 | Orc:1    | Entered Level 1 of the Orcish Mines
 23944 | Orc:1    | Found Butadeasm's Distillery.
 24094 | Orc:1    | Bought a potion of heal wounds for 75 gold pieces
 24294 | Orc:2    | Entered Level 2 of the Orcish Mines
 24549 | Orc:2    | Found a staircase to the Elven Halls.
 24756 | Orc:2    | Noticed Saint Roka
 24764 | Orc:2    | Killed Saint Roka
 24764 | Orc:2    | Reached skill level 16 in Armour
 24782 | Orc:2    | Reached XP level 17. HP: 83/110 MP: 25/25
 24822 | Orc:2    | Found Ruxicheg's Armour Boutique.
 24822 | Orc:2    | Found Tavu Emo's Food Shoppe.
 24823 | Orc:2    | Found Deowyjoo's Antique Weapon Shoppe.
 24823 | Orc:2    | Found Dieguv's Weapon Shop.
 24866 | Orc:2    | Bought a scorched hand crossbow for 170 gold pieces
 24866 | Orc:2    | Identified the +5 hand crossbow of Gegivagg {freeze, +Fly
                  | rPois rF+ rN+ Dex-4} (You bought it in a shop on level 2 of
                  | the Orcish Mines)
 25136 | Orc:2    | Learned a level 3 spell: Summon Guardian Golem
 25181 | Elf:1    | Entered Level 1 of the Elven Halls
 25379 | Elf:1    | Found Palof's Book Shoppe.
 25449 | Elf:1    | HP: 3/110 [+2 halberd of freezing (4)]
 25449 | Elf:1    | Slain by a deep elf mage

Vault maps used:
D:1:      grunt_arrival_lava_bath, layout_basic
D:2:      layout_loops_ring
D:3:      layout_basic, kennysheep_vampire_church, makhleb_blood_cavern_becter
D:4:      layout_basic
D:5:      layout_loops_ring, kennysheep_mini_moat, first_ration
D:6:      layout_cave_pools, marbit_many_paths
D:7:      layout_cave_pools, overflow_temple_1_default, lemuel_crystal_altar,
          grunt_temple_overflow_open, minmay_temple_entry_trees
D:8:      layout_loops_ring, lemuel_coloured_pillars_altar, blue_anna_alchemist
          [blue_anna_fruit_fields, blue_anna_fruit_fields],
          hangedman_decor_peaks_small, kennysheep_generic_room_8
D:9:      layout_long_grid, serial_shops, shop, jmf_multi_god_temple
D:10:     layout_stronghold, lair_entry_dummy, kennysheep_generic_room_5
D:11:     layout_cave_pods, special_room [special_room_bee],
          corexii_corridor_pit, st_stairs_8, nicolae_underground_beach,
          uniq_erica
D:12:     layout_long_grid, hiddenorc2_lemuel, minmay_guarded_unrand_curses
D:13:     layout_rooms
D:14:     layout_basic, grunt_vaults_entry_tiered, serial_shops, shop,
          kennysheep_flooded_box
Temple:   nicolae_temple_figure_eight
Lair:1:   layout_concentric_octagons, uniq_sonja
Lair:2:   layout_regular_city, spider_nest_entry_a
Lair:3:   layout_regular_city, nicolae_swamp_entry_splash_gauntlet,
          portal_ice_cave_entry_imps, roderic_batcave,
          grunt_forest_small_clearings, serial_bayou_pond_d,
          infiniplex_staircase_pool_2
Lair:4:   layout_roguey, grunt_megastairs_1
Lair:5:   dpeg_oklob_gauntlet, layout_regular_city, slime_altar_1,
          nicolae_lair_yak_garden, uniq_josephine
Lair:6:   minmay_lair_end_enchanted_forest, layout_loops_ring,
          minmay_hedge_maze, minivault_24
Orc:1:    layout_caves, serial_shops, shop
Orc:2:    st_orc_ogre_mass, layout_diamond_mine, uniq_saint_roka
Elf:1:    eino_elf_arrival_customs, layout_rooms, serial_shops, shop,
          special_room [special_room_mythical_zoo], minmay_elf_sorcery,
          minivault_15
IceCv:    ice_cave_small_dragons

Skill      XL: |  1  2  3  4  5  6  7  8  9 10 11 12 13 14 15 16 17 |
---------------+----------------------------------------------------+-----
Fighting       | 1 2 3 4 5 8 10 12 13 | 13.8
Armour         | 1 2 3 4 5 6 8 10 12 14 15 16 | 16.0
Spellcasting   | 3 4 5 6 |  6.6
Summonings     | 5 6 7 8 |  8.7
Short Blades   | 2 4 6 9 12 14 | 14.3
Air Magic      | 1 2 6 7 |  7.5
Shields        | 2 4 5 |  5.0
Evocations     | 1 2 |  2.8
Dodging        | 4 |  4.3
Polearms       | |  0.4
Throwing       | |  0.3
Stealth        | |  2.6

Action                   |  1- 3 |  4- 6 |  7- 9 | 10-12 | 13-15 | 16-18 || total
-------------------------+-------+-------+-------+-------+-------+-------++-------
Melee: Club              |    61 |       |       |       |       |       ||    61
       Unarmed           |     2 |       |       |       |       |       ||     2
       Spear             |     5 |   127 |       |       |       |       ||   132
       Dagger            |       |    51 |   242 |    86 |       |       ||   379
       Short sword       |       |       |       |   725 |  1646 |   857 ||  3228
       Scimitar          |       |       |       |       |     7 |       ||     7
Throw: Tomahawk          |       |       |       |       |     1 |       ||     1
 Cast: Summon Small Mamm |    12 |       |       |       |       |       ||    12
       Call Imp          |     9 |       |     5 |       |     4 |       ||    18
       Call Canine Famil |       |     2 |     5 |       |     6 |       ||    13
Invok: Lunge             |       |       |     7 |    90 |   209 |    61 ||   367
       Whirlwind         |       |       |       |   132 |   467 |   334 ||   933
       Serpent's Lash    |       |       |       |       |     3 |     3 ||     6
       Heavenly Storm    |       |       |       |       |       |     4 ||     4
 Abil: Wall Jump         |       |       |       |       |     1 |       ||     1
Evoke: Wand              |       |       |       |     1 |     2 |       ||     3
  Use: Scroll            |       |    10 |     6 |    12 |    11 |     2 ||    41
       Potion            |       |     1 |     4 |     2 |     4 |     1 ||    12
 Stab: Sleeping          |     5 |    10 |     2 |       |       |       ||    17
       Distracted        |       |       |     2 |       |     1 |       ||     3
       Invisible         |       |       |     2 |     1 |     3 |       ||     6
       Paralysed         |       |       |       |       |     1 |       ||     1
  Eat: Chunk             |    13 |     9 |    11 |    24 |    34 |     9 ||   100
Armor: Leather armour    |    16 |    58 |     1 |       |       |       ||    75
       Robe              |     2 |       |       |       |       |       ||     2
       Ring mail         |       |    23 |    64 |       |       |       ||    87
       Plate armour      |       |       |    22 |   307 |   350 |   114 ||   793
       Scale mail        |       |       |       |       |    37 |    52 ||    89
Dodge: Dodged            |    57 |   157 |    83 |    67 |   164 |    94 ||   622
Block: Buckler           |       |       |    11 |   199 |   308 |   142 ||   660

Table legend:
 A = Non-vault XP
 B = Vault XP
 C = Vault XP percentage of total XP
 D = Non-vault monster count
 E = Vault monster count
 F = Vault count percentage of total count
                 A         B        C        D         E       F
            +---------+---------+-------+---------+---------+-------
      Total |  107248 |   64107 |  37.4 |     571 |     271 |  32.2
            +---------+---------+-------+---------+---------+-------
        D:1 |      18 |       0 |   0.0 |      14 |       0 |   0.0
        D:2 |      54 |       0 |   0.0 |      16 |       0 |   0.0
        D:3 |     113 |     157 |  58.1 |      24 |       8 |  25.0
        D:4 |     174 |       0 |   0.0 |      11 |       0 |   0.0
        D:5 |     284 |       0 |   0.0 |       7 |       0 |   0.0
        D:6 |     364 |       0 |   0.0 |      11 |       0 |   0.0
        D:7 |     183 |       0 |   0.0 |       5 |       0 |   0.0
        D:8 |    1134 |      91 |   7.4 |      22 |       1 |   4.3
        D:9 |    2148 |    2221 |  50.8 |      27 |       4 |  12.9
       D:10 |    3164 |     915 |  22.4 |      31 |       2 |   6.1
       D:11 |    5887 |    2465 |  29.5 |      40 |      22 |  35.5
       D:12 |    7874 |    1764 |  18.3 |      28 |      40 |  58.8
       D:13 |   10306 |     196 |   1.9 |      28 |       1 |   3.4
       D:14 |   10868 |    9104 |  45.6 |      46 |      24 |  34.3
     Lair:1 |    4362 |     835 |  16.1 |      22 |       1 |   4.3
     Lair:2 |    1956 |     590 |  23.2 |      12 |       2 |  14.3
     Lair:3 |    2375 |    1180 |  33.2 |      14 |      26 |  65.0
     Lair:4 |   10017 |    2511 |  20.0 |      38 |       9 |  19.1
     Lair:5 |    2098 |    2992 |  58.8 |       7 |       8 |  53.3
     Lair:6 |   18008 |    8592 |  32.3 |      58 |      46 |  44.2
      Orc:1 |    6028 |       0 |   0.0 |      38 |       0 |   0.0
      Orc:2 |    9986 |   22817 |  69.6 |      55 |      51 |  48.1
      Elf:1 |    9847 |    4435 |  31.1 |      17 |       8 |  32.0
      IceCv |       0 |    3242 | 100.0 |       0 |      18 | 100.0
            +---------+---------+-------+---------+---------+-------
